 Dungeon Crawl Stone Soup version 0.21-a0-634-gaf8bc5d (webtiles) character file.

4273 theanonym the Slicer (level 10, -1/53 HPs)
             Began as a Spriggan Berserker on Dec 29, 2017.
             Was an Elder of Trog.
             Slain by a warg (17 damage)
             ... on level 9 of the Dungeon.
             The game lasted 00:21:29 (10884 turns).

theanonym the Slicer (Spriggan Berserker)          Turns: 10884, Time: 00:21:29

Health: -1/53      AC:  5    Str: 16    XL:     10   Next: 10%
Magic:  11/11      EV: 27    Int:  9    God:    Trog [****..]
Gold:   580        SH:  7    Dex: 16    Spells: 9/9 levels left

rFire    + . .     SeeInvis +   a - +0 short sword
rCold    . . .     Gourm    .   u - +2 buckler
rNeg     . . .     Faith    .   z - +2 robe {rF+} {0}
rPois    .         Spirit   .   (helmet restricted)
rElec    .         Reflect  .   i - +0 cloak
rCorr    .         Harm     .   (gloves unavailable)
MR       +....                  (boots unavailable)
Stlth    ++++......             x - amulet of magic regeneration
HPRegen  0.17/turn              d - ring of loudness (curse) {Stlth-}
MPRegen  0.37/turn              s - ring of stealth {Stlth+}

@: fainting, very quick
A: very small, unfitting armour, repulsion field 1, camouflage 1, see invisible,
herbivore, speed 3, mutation resistance 1, slow metabolism 2
a: Berserk, Trog's Hand, Brothers in Arms, Burn Spellbooks, Renounce Religion


Innate Abilities, Weirdness & Mutations

You are very small and have problems with some larger weapons.
You are too small for most types of armour.
You have supernaturally acute eyesight. (SInv)
You are a herbivore.
You cover ground extremely quickly.
You need consume almost no food.
You are surrounded by a mild repulsion field. (EV +2)
Your skin changes colour to match your surroundings (Stealth+).
You are somewhat resistant to further mutation.


   Skills:
 + Level 6.4 Fighting
 * Level 11.7 Short Blades
 - Level 10.0 Dodging
 + Level 5.7 Stealth


You had 9 spell levels left.
You didn't know any spells.

Skill      XL: |  1  2  3  4  5  6  7  8  9 |
---------------+----------------------------+-----
Short Blades   | 4 5 6 8 9 11 | 11.7
Dodging        | 5 6 7 8 9 10 | 10.0
Fighting       | 3 4 5 6 |  6.4
Stealth        | 5 |  5.7

Action                   |  1- 3 |  4- 6 |  7- 9 | 10-12 || total
-------------------------+-------+-------+-------+-------++-------
Melee: Short sword       |   125 |   300 |   717 |    79 ||  1221
Invok: Berserk           |     5 |    10 |    10 |     1 ||    26
       Trog's Hand       |     1 |       |     3 |       ||     4
       Burn Spellbooks   |       |       |     1 |       ||     1
  Use: Potion            |     3 |       |     2 |       ||     5
       Scroll            |       |     6 |     7 |       ||    13
 Stab: Sleeping          |     2 |       |     4 |       ||     6
       Distracted        |     1 |       |       |       ||     1
  Eat: Ration            |     1 |     6 |     9 |       ||    16
Armor: Animal skin       |     8 |    14 |    26 |       ||    48
       Skin              |       |       |     4 |       ||     4
       Robe              |       |       |     2 |     3 ||     5
Dodge: Dodged            |   100 |   214 |   390 |    56 ||   760
Block: Buckler           |       |     7 |   146 |    19 ||   172

Inventory:

Hand Weapons
 a - a +0 short sword (weapon)
 F - the +6 Majin-Bo {vamp, Archmagi MP+6 Int+6}
   (You found it on level 9 of the Dungeon)

   It inflicts no extra harm, but heals its wielder when it wounds a living foe.
   It affects your intelligence (+6).
   It affects your magic capacity (+6).
Armour
 b - a +0 animal skin {0}
 i - a +0 cloak (worn)
   (You took it off Crazy Yiuf on level 3 of the Dungeon)
 u - a +2 buckler (worn)
   (You found it on level 4 of the Dungeon)
 z - a +2 robe of fire resistance (worn) {0}
   (You took it off an orc wizard on level 8 of the Dungeon)
Jewellery
 d - a cursed ring of loudness (left hand) {Stlth-}
   (You found it on level 2 of the Dungeon)
 s - a ring of stealth (right hand) {Stlth+}
   (You took it off an orc on level 4 of the Dungeon)
 x - an amulet of magic regeneration (around neck)
   (You found it on level 5 of the Dungeon)
Wands
 v - a wand of acid (7)
   (You found it on level 7 of the Dungeon)
 C - a wand of random effects (33)
   (You found it on level 7 of the Dungeon)
Scrolls
 f - 2 scrolls of fog
 g - a scroll of enchant weapon
 k - a scroll of magic mapping {unknown}
 m - 2 scrolls of immolation
 n - 3 scrolls of remove curse {unknown}
 o - a scroll of random uselessness {unknown}
 p - a scroll of fear {unknown}
 r - a scroll of identify
 t - 3 scrolls of teleportation {!r}
 y - 2 scrolls of blinking {unknown}
 A - a scroll of vulnerability {unknown}
 D - a scroll of brand weapon {unknown}
Potions
 c - a potion of magic
 e - a potion of lignification
 h - a potion of flight
 j - a potion of might
 l - a potion of brilliance
 q - a potion of heal wounds
 w - a potion of curing
 B - a potion of haste
Miscellaneous
 E - a phial of floods
   (You found it on level 9 of the Dungeon)


You were on level 9 of the Dungeon.
You worshipped Trog.
Trog was greatly pleased with you.
You were fainting.

You visited 1 branch of the dungeon, and saw 9 of its levels.

You collected 580 gold pieces.

Dungeon Overview and Level Annotations

Branches:
Dungeon (9/15)             Temple (0/1) D:7
   Lair: D:8-11         Orc: D:9-12

Altars:
Ashenzari
Dithmenos
Elyvilon
Gozag
Kikubaaqudgha
Makhleb
Okawaru
Qazlal
Ru
Trog
Uskayaw
Vehumet
Wu Jian


Message History

The hippogriff claws you.
You take 5 damage, and have 45/53 hp.
You hit the hippogriff but do no damage.
You hit the hippogriff but do no damage.
You block the hippogriff's attack. The hippogriff misses you.
You block the hippogriff's attack.
You hit the hippogriff. You barely miss the hippogriff.
You block the hippogriff's attack. The hippogriff closely misses you.
You block the hippogriff's attack.
You barely miss the hippogriff. You barely miss the hippogriff.
You block the hippogriff's attack. The hippogriff pecks you!
The hippogriff misses you.
You take 7 damage, and have 38/53 hp.
You hit the hippogriff but do no damage.
You hit the hippogriff. The hippogriff bites you.
The hippogriff completely misses you. The hippogriff misses you.
You take 5 damage, and have 33/53 hp.
You puncture the hippogriff! You barely miss the hippogriff.
The hippogriff misses you. The hippogriff completely misses you.
The hippogriff misses you.
You hit the hippogriff but do no damage.
You hit the hippogriff. You block the hippogriff's attack.
The hippogriff completely misses you. The hippogriff barely misses you.
You hit the hippogriff but do no damage.
You hit the hippogriff but do no damage.
You block the hippogriff's attack. The hippogriff completely misses you.
You block the hippogriff's attack.
You barely miss the hippogriff. You barely miss the hippogriff.
You block the hippogriff's attack. The hippogriff completely misses you.
The hippogriff claws you.
You hit the hippogriff but do no damage.
You take 3 damage, and have 30/53 hp.
You hit the hippogriff but do no damage.
You block the hippogriff's attack. The hippogriff completely misses you.
The hippogriff misses you.
You hit the hippogriff. You puncture the hippogriff!
You block the hippogriff's attack. The hippogriff completely misses you.
You block the hippogriff's attack.
You hit the hippogriff but do no damage.
You hit the hippogriff. The hippogriff completely misses you.
The hippogriff misses you. The hippogriff claws you.
You take 3 damage, and have 27/53 hp.
You hit the hippogriff but do no damage.
You hit the hippogriff. You block the hippogriff's attack.
The hippogriff misses you. x2
You hit the hippogriff but do no damage.
You block the hippogriff's attack. x2
The hippogriff claws you but does no damage.
You hit the hippogriff but do no damage.
You hit the hippogriff. The hippogriff completely misses you.
The hippogriff pecks you. The hippogriff claws you.
You take 7 damage, and have 20/53 hp.
You hit the hippogriff but do no damage.
You hit the hippogriff but do no damage.
The hippogriff barely misses you. The hippogriff misses you.
The hippogriff completely misses you.
You hit the hippogriff but do no damage.
The hippogriff completely misses you. The hippogriff pecks you.
* * * LOW HITPOINT WARNING * * *
You block the hippogriff's attack.
You hit the hippogriff.
You take 3 damage, and have 17/53 hp.
You hit the hippogriff but do no damage.
The hippogriff bites you.
* * * LOW HITPOINT WARNING * * *
The hippogriff misses you. You block the hippogriff's attack.
You take 6 damage, and have 11/53 hp.
You hit the hippogriff.
You kill the hippogriff!
Trog accepts your kill.
You are fainting from starvation!
You see here 17 stones.
You open the door.
There is an open door here.
You lose consciousness!
A warg comes into view.
The warg howls!
The warg barely misses you. The warg completely misses you.
You can move again.
You regained 2 hp, and now have 15/53 hp.
Unknown command.
Unknown command.
Unknown command.
Unknown command.
Unknown command.
Unknown command.
Unknown command.
You hit the warg. The warg misses you.
You hit the warg. The warg completely misses you.
You hit the warg. You hit the warg but do no damage. The warg misses you.
You hit the warg but do no damage. You closely miss the warg.
The warg completely misses you.
You hit the warg but do no damage. The warg completely misses you.
You hit the warg but do no damage. The warg closely misses you.
You closely miss the warg. You barely miss the warg.
The warg closely misses you.
You closely miss the warg. The warg bites you!
You die...

#.#..........
....................
.###....####.......#####
.#.#...<# #....# ......
.#(#....# #....##......
.#.#....# #..........
.+.#....####........###.
.#.#...........h#.......
.#.'............@..#
.#.#...............#
.#.#...............#
##.######......#+###
........#..###.#
........#..# #.#
........#..# #.#
#....##.#... ..# #....##
+


You could see a warg.

Notes
Turn   | Place    | Note
-------+----------+-------------------------------------------
     0 | D:1      | theanonym the Spriggan Berserker began the quest for the Orb.
     0 | D:1      | Reached XP level 1. HP: 11/11 MP: 2/2
   189 | D:1      | Reached XP level 2. HP: 16/16 MP: 3/3
   347 | D:1      | Reached skill level 4 in Short Blades
   485 | D:1      | Reached skill level 5 in Dodging
   509 | D:1      | Reached XP level 3. HP: 16/19 MP: 4/4
   721 | D:2      | HP: 9/19 [adder (4)]
   728 | D:1      | HP: 6/19 [poisoned by an adder]
   733 | D:1      | HP: 7/28 [poisoned by an adder]
   741 | D:1      | HP: 5/28 [poisoned by an adder]
  1177 | D:2      | Reached ** piety under Trog
  1658 | D:2      | HP: 9/19 [jackal (2)]
  1810 | D:2      | Reached XP level 4. HP: 23/23 MP: 5/5
  2480 | D:3      | Reached skill level 5 in Short Blades
  2820 | D:3      | Reached *** piety under Trog
  3034 | D:3      | Reached XP level 5. HP: 27/28 MP: 6/6
  3143 | D:3      | Reached skill level 3 in Fighting
  3143 | D:3      | Reached skill level 6 in Dodging
  3730 | D:3      | Found a runed door.
  3735 | D:3      | Noticed Crazy Yiuf
  3743 | D:3      | Killed Crazy Yiuf
  3778 | D:4      | Noticed an ogre
  3898 | D:4      | HP: 21/42 [orc priest/hand axe (9)]
  3900 | D:4      | Reached skill level 6 in Short Blades
  3900 | D:4      | Reached XP level 6. HP: 24/32 MP: 7/7
  4679 | D:5      | Entered Level 5 of the Dungeon
  4748 | D:5      | Reached skill level 7 in Dodging
  4803 | D:5      | Reached XP level 7. HP: 36/36 MP: 8/8
  4983 | D:5      | Reached skill level 7 in Short Blades
  5268 | D:5      | Found an iron altar of Okawaru.
  5438 | D:5      | Found a hide-covered altar of Uskayaw.
  5649 | D:5      | Found an ornate altar of the Wu Jian Council.
  6112 | D:6      | Reached skill level 4 in Fighting
  6249 | D:6      | Found an ancient bone altar of Kikubaaqudgha.
  6609 | D:6      | HP: 16/37 [orc warrior/glaive (19)]
  6931 | D:6      | Reached skill level 8 in Short Blades
  6931 | D:6      | Reached skill level 8 in Dodging
  6931 | D:6      | Reached XP level 8. HP: 42/42 MP: 9/9
  6959 | D:6      | Reached **** piety under Trog
  7356 | D:7      | Found a sacrificial altar of Ru.
  7429 | D:7      | Found a bloodstained altar of Trog.
  7559 | D:7      | Found a shadowy altar of Dithmenos.
  7604 | D:7      | Found a staircase to the Ecumenical Temple.
  7632 | D:7      | Reached skill level 9 in Short Blades
  7727 | D:7      | Reached skill level 9 in Dodging
  8099 | D:7      | Reached skill level 5 in Fighting
  8245 | D:7      | Noticed Menkaure
  8272 | D:7      | Killed Menkaure
  8397 | D:7      | Reached XP level 9. HP: 47/47 MP: 10/10
  8734 | D:8      | Reached skill level 10 in Short Blades
  8765 | D:8      | Gained mutation: Your skin changes colour to match your surroundings (Stealth+). [potion of mutation]
  8765 | D:8      | Gained mutation: You are surrounded by a mild repulsion field. (EV +2) [potion of mutation]
  8765 | D:8      | Gained mutation: You are somewhat resistant to further mutation. [potion of mutation]
  9040 | D:8      | Reached skill level 10 in Dodging
  9051 | D:8      | Noticed a two-headed ogre
  9065 | D:8      | HP: 30/70 [two-headed ogre/giant spiked club (22)]
  9072 | D:8      | Killed a two-headed ogre
  9072 | D:8      | Reached skill level 3 in Stealth
  9078 | D:8      | Reached skill level 11 in Short Blades
  9246 | D:8      | Reached skill level 6 in Fighting
  9248 | D:8      | Reached skill level 4 in Stealth
 10261 | D:9      | Reached skill level 5 in Stealth
 10355 | D:9      | Found a shattered altar of Ashenzari.
 10393 | D:9      | Reached XP level 10. HP: 47/53 MP: 11/11
 10399 | D:9      | HP: 26/53 [poisoned by a water moccasin]
 10404 | D:9      | HP: 22/53 [poisoned by a water moccasin]
 10409 | D:9      | HP: 19/53 [poisoned by a water moccasin]
 10414 | D:9      | HP: 19/53 [poisoned by a water moccasin]
 10420 | D:9      | HP: 18/53 [poisoned by a water moccasin]
 10657 | D:9      | Upgraded the game from 0.21-a0-633-g4c047d5 to 0.21-a0-634-gaf8bc5d
 10699 | D:9      | Found a sacrificial altar of Ru.
 10700 | D:9      | Found a radiant altar of Vehumet.
 10700 | D:9      | Found a shattered altar of Ashenzari.
 10702 | D:9      | Found a white marble altar of Elyvilon.
 10704 | D:9      | Found a stormy altar of Qazlal.
 10704 | D:9      | Found an opulent altar of Gozag.
 10705 | D:9      | Found a burning altar of Makhleb.
 10709 | D:9      | Found the +6 Majin-Bo {vamp, Archmagi MP+6 Int+6}
 10834 | D:9      | HP: 26/53 [hippogriff (2)]
 10839 | D:9      | HP: 11/53 [hippogriff (6)]
 10863 | D:9      | Paralysed by fainting for 10 turns
 10884 | D:9      | Slain by a warg

Vanquished Creatures
  A two-headed ogre (D:8)
  A hippogriff (D:9)
  Menkaure (D:7)
  A water moccasin (D:9)
  2 orc warriors (D:8)
  A sky beast (D:8)
  2 black bears (D:7)
  A phantom (D:7)
  A necrophage (D:6)
  6 ogres
  2 ice beasts
  3 centaurs
  6 bullfrogs
  A wyvern zombie (D:7)
  A scorpion (D:9)
  A howler monkey (D:5)
  5 crimson imps
  A bullfrog zombie (D:5)
  3 hounds
  A jelly (D:8)
  6 orc priests
  Crazy Yiuf (D:3)
  An iguana (D:5)
  7 orc wizards
  2 worker ants (D:6)
  A hound skeleton (D:5)
  A worker ant zombie (D:5)
  A gnoll (D:3)
  A howler monkey skeleton (D:6)
  10 adders
  3 shadow imps
  2 oozes (D:1)
  An adder skeleton (D:7)
  2 adder zombies
  5 worms
  2 dart slugs (D:1)
  13 leopard geckos
  28 orcs
  10 bats
  7 giant cockroaches
  6 goblins
  5 hobgoblins
  17 jackals
  4 frilled lizards
  13 kobolds
  2 leopard gecko skeletons
  A leopard gecko zombie (D:6)
  6 rats
  2 fungi (D:3)
201 creatures vanquished.

Table legend:
 A = Turns spent in this place as a percentage of turns spent in the entire game.
 B = Non-inter-level travel turns spent in this place as a percentage of non-inter-level travel turns spent in the entire game.
 C = Inter-level travel turns spent in this place as a percentage of turns spent in this place.
 D = Turns resting spent in this place as a percentage of non-inter-level travel turns spent in this place.
 E = Turns spent auto-exploring this place as a percentage of non-inter-level travel turns spent in this place.
 F = Non-inter-level travel turns spent in this place divided by the number of levels of this place that you've seen.
                   A       B       C       D       E      F
               +-------+-------+-------+-------+-------+----------------------
         Total | 100.0 | 100.0 |   3.5 |  28.2 |  48.9 | 1166.6
       Dungeon | 100.0 | 100.0 |   3.5 |  28.2 |  48.9 | 1166.6
               +-------+-------+-------+-------+-------+----------------------
